 Dungeon Crawl Stone Soup version 0.28-a0-751-gef3a642a4e (webtiles) character file.

Game seed: 10905792213689443117

182 Colgate the Firebug (level 5, 0/28 HPs)
             Began as a Deep Elf Fire Elementalist on Oct 29, 2021.
             Was a Follower of Jiyva.
             Slain by an orc wizard (3 damage)
             ... on level 3 of the Dungeon.
             The game lasted 00:20:57 (3965 turns).

Colgate the Firebug (Deep Elf Fire Elementalist)    Turns: 3965, Time: 00:20:57

Health: 0/28       AC:  3    Str:  5    XL:     5   Next: 35%
Magic:  6/11       EV: 12    Int: 21    God:    Jiyva [*.....]
Gold:   120        SH:  8    Dex: 15    Spells: 7/10 levels left

rFire   . . .      SeeInvis .   c - +0 hunting sling
rCold   . . .      Faith    .   n - +0 buckler
rNeg    . . .      Spirit   .   a - +0 robe
rPois   .          Reflect  +   (no helmet)
rElec   .          Harm     .   (no cloak)
rCorr   .          Rampage  .   p - +0 pair of gloves
Will    .....                   (no boots)
Stlth   ++........              b - amulet of reflection
HPRegen 0.09/turn               (no ring)
MPRegen 0.12/turn               (no ring)

@: hasted, very quick
A: no striking features
a: Renounce Religion, Request Jelly


You were on level 3 of the Dungeon.
You worshipped Jiyva.
Jiyva was aware of your devotion.
You visited 1 branch of the dungeon, and saw 4 of its levels.

You collected 120 gold pieces.

Inventory:

Hand Weapons
 c - a +0 hunting sling (weapon)
 f - a +0 short sword
 j - a +0 quarterstaff
 A - a +0 halberd
Missiles
 g - 23 arrows
 h - 18 poisoned darts
 i - 20 sling bullets (quivered ammo)
 m - 74 stones
 u - 23 bolts
Armour
 a - a +0 robe (worn)
 l - a +0 ring mail
 n - a +0 buckler (worn)
 p - a +0 pair of gloves (worn)
 q - a +3 scale mail
 w - a +0 leather armour
Jewellery
 b - an amulet of reflection (around neck)
Scrolls
 d - a scroll of identify {unknown}
 r - a scroll of enchant armour {unknown}
 v - a scroll of teleportation {unknown}
 x - a scroll of fog {unknown}
 y - a scroll of enchant weapon {unknown}
Potions
 e - a potion of mutation {unknown}
 k - a potion of heal wounds {unknown}
 o - a potion of cancellation {unknown}
 s - a potion of curing {unknown}
 t - a potion of might {unknown}
 z - a potion of haste


   Skills:
 - Level 2.4 Dodging
 - Level 2.4 Stealth
 - Level 3.0 Spellcasting
 + Level 4.0 Conjurations
 - Level 5.4 Fire Magic


You had 7 spell levels left.
You knew the following spells:

 Your Spells              Type           Power      Damage    Failure   Level
a - Foxfire               Conj/Fire      88%        2x1d8     3%          1
b - Scorch                Fire           50%        2d8       3%          2

Your spell library contained the following spells:

 Spells                   Type           Power      Damage    Failure   Level
 Conjure Flame            Conj/Fire      22%        6-21      10%         3
 Inner Flame              Hex/Fire       14%        N/A       22%         3
 Flame Wave               Conj/Fire      22%        3d6       32%         4


Dungeon Overview and Level Annotations

Branches:
Dungeon (4/15)
 Temple: D:4-7

Altars:
Jiyva

Annotations:
D:3 Grinder, Ijyb
D:4 Eustachio


Message History

The orc wizard hits you but does no damage.
Casting: Scorch (safe; 3% risk of failure)
Confirm with . or Enter, or press ? or * to list all spells.
Flames lash the orc wizard.
The orc wizard is burned terribly!
The orc wizard is almost dead.
The orc wizard gestures at you while chanting.
You are confused.
You're too confused to cast spells.
Unknown command.
HP restored.
Eustachio gestures wildly while chanting.
The orc wizard hits you with a +0 dagger.
In your confused state, you trip and fall back down the stairs.
The iron imp disappears in a puff of smoke!
Ijyb hits you with a +0 club. The orc wizard barely misses you.
Unknown command.
Eustachio gestures wildly while chanting.
Ijyb hits you but does no damage.
The orc wizard hits you with a +0 dagger.
In your confused state, you trip and fall back down the stairs.
The orc wizard is no longer more vulnerable to fire.
Ijyb screams, "No!
No, no, no, no!"
Ijyb hits you with a +0 club.
The orc wizard hits you with a +0 dagger.
The ufetubus hits you. x2
Your magical contamination has completely faded away.
Ijyb zaps a wand.
You resist with some effort. The orc wizard casts a spell at you.
The puff of flame hits you.
* * * LOW HITPOINT WARNING * * *
The ufetubus barely misses you. The ufetubus closely misses you.
You climb upwards.
Level annotation: Grinder You feel less confused.
There is a stone staircase leading down here.
It was a potion of haste.
You feel yourself speed up. Ijyb hits you with a +0 club.
* * * LOW HITPOINT WARNING * * *
The orc wizard hits you with a +0 dagger.
You die...

## #............# ..
#.##########.##### . ..
##.#.....####.#.... .....#
#...........#.#.### ......#####
#........##...>.... ..........#
#........##...#.##. .....##.#.#
#........##...#.<.. ........#.#
##'#..........#####
....5.#.#.#####@#..J#.###..#....
..... #.#.....go#####J#....#†###
.... #.#######.......#.##.#....
... #.#...###.#######.##.#####
## #.#.#..........##.##.#
#.#.#####.####.##.##.# #.#.# #.#
#.##.##.# ## #.#.# #.# #.##.##.#
.#######.#.#####.# #.##.##.#####


You could see Ijyb and an orc wizard.

Vanquished Creatures
  A black bear (D:4)
  An adder (D:2)
  A worm (D:2)
  A dart slug (D:3)
  4 orcs (D:3)
  5 endoplasms
  3 giant cockroaches
  4 goblins
  7 hobgoblins
  4 jackals
  6 kobolds
  3 quokkas
  6 ball pythons
  9 bats
  4 frilled lizards
  13 rats
72 creatures vanquished.

Vanquished Creatures (others)
  A jelly (D:3)
  A dart slug (D:3)
  A kobold (D:3)
  150 foxfires
153 creatures vanquished.

Grand Total: 225 creatures vanquished

Notes
Turn   | Place    | Note
-------+----------+-------------------------------------------
     0 | D:1      | Colgate the Deep Elf Fire Elementalist began the quest for
                  | the Orb.
     0 | D:1      | Reached XP level 1. HP: 10/10 MP: 6/6
   289 | D:1      | Reached XP level 2. HP: 15/15 MP: 5/8
   293 | D:1      | Learned a level 2 spell: Scorch
  1023 | D:2      | Reached XP level 3. HP: 19/19 MP: 4/9
  1207 | D:2      | Upgraded the game from 0.28-a0-732-g75e6d9beac to
                  | 0.28-a0-751-gef3a642a4e
  1558 | D:2      | Reached skill level 4 in Fire Magic
  2409 | D:3      | Reached XP level 4. HP: 24/24 MP: 0/10
  3194 | D:3      | Found a faded altar of an unknown god.
  3202 | D:3      | Prayed at the altar of an unknown god.
  3202 | D:3      | Became a worshipper of Jiyva Jegoed the Shapeless
  3202 | D:3      | Reached * piety under Jiyva
  3407 | D:3      | Noticed Grinder
  3846 | D:4      | Noticed Eustachio
  3848 | D:4      | Noticed a black bear
  3852 | D:4      | Noticed Ijyb
  3854 | D:4      | Killed a black bear
  3855 | D:4      | Reached skill level 5 in Fire Magic
  3855 | D:4      | Reached XP level 5. HP: 28/28 MP: 1/11
  3965 | D:3      | Slain by an orc wizard

Illustrated notes

Levels and vault maps discovered:
D:1:      tarquinn_simple_flora_water_b, layout_rooms
D:2:      layout_basic, serial_glass, glass_columns_a, glass_columns_a,
          glass_columns_a, glass_columns_b, glass_columns_b, glass_columns_b,
          glass_columns_c, glass_columns_b, glass_columns_a, glass_columns_a,
          feat_on_display, feat_on_display, feat_on_display,
          minmay_strange_pillars
D:3:      layout_basic, ebering_ecumenical_altar_rust, uniq_grinder
D:4:      layout_cave_pools, makhleb_blood_cavern_becter,
          mainiacjoe_overflow_catwalk, minmay_starry_boxes, uniq_eustachio,
          uniq_blork_the_orc, uniq_ijyb

Skill      XL: |  1  2  3  4 |
---------------+-------------+-----
Conjurations   | 2 3 4 |  4.0
Fire Magic     | 4 5 |  5.4
Dodging        | |  2.4
Stealth        | |  2.4
Spellcasting   | |  3.0

Action                   |  1- 3 |  4- 6 || total
-------------------------+-------+-------++-------
 Fire: Hunting sling     |    13 |    13 ||    26
 Cast: Foxfire           |    76 |    17 ||    93
       Scorch            |    18 |    18 ||    36
  Use: Potion            |       |     1 ||     1
Armor: Robe              |     5 |     4 ||     9
Dodge: Dodged            |     3 |     5 ||     8
Block: Buckler           |     2 |     2 ||     4

Table legend: (Time is in decaauts)
 A = Elapsed time spent in this place.
 B = Non-inter-level travel time spent in this place.
 C = Inter-level travel time spent in this place.
 D = Time resting spent in this place.
 E = Time spent auto-exploring this place.
 F = Levels seen in this place.
 G = Mean time per level.
                   A        B        C        D        E       F      G
               +--------+--------+--------+--------+--------+-----+--------+
         Total |   3975 |   3813 |    162 |    163 |   2970 |   4 |  993.8 |
       Dungeon |   3975 |   3813 |    162 |    163 |   2970 |   4 |  993.8 |
               +--------+--------+--------+--------+--------+-----+--------+

Top non-repeatable levels by time:
     D:3: 1527 daAuts
     D:2: 1487 daAuts
     D:1: 904 daAuts
     D:4: 56 daAuts
